PBL
PITTSBURGH PIRATES @ MILWAUKEE BREWERS
08/01/2071
 
TOP OF THE 1ST
Pittsburgh Pirates batting - Pitching for Milwaukee Brewers : RHP Bruce Díaz
Pitching: RHP Bruce Díaz
Batting: RHB John Simpson 0-0: Swinging Strike
0-1: Ball
1-1: Swinging Strike
1-2: Foul Ball, location: 2F
1-2: Ground out 1-3 (Groundball, 13S, EV 69.4 MPH)
Batting: RHB Luis Cervantes 0-0: Ground out U3 (Groundball, 34S, EV 81.9 MPH)
Batting: RHB Spencer Knight 0-0: Called Strike
0-1: Foul Ball, location: 9LDF
0-2: Strikes out swinging
Top of the 1st over - 0 runs, 0 hits, 0 errors, 0 left on base; Pittsburgh 0 - Milwaukee 0
BOTTOM OF THE 1ST
Milwaukee Brewers batting - Pitching for Pittsburgh Pirates : RHP Bill Day
Pitching: RHP Bill Day
Batting: LHB David MacDonald 0-0: Foul Ball, location: 7LDF
0-1: Ball
1-1: Called Strike
1-2: Ball
2-2: Ball
3-2: Foul Ball, location: 5F
3-2: Foul Ball, location: 7LMF
3-2: Fly out, F9 (Flyball, 89S, EV 94.4 MPH)
Batting: SHB Yang Siu 0-0: Ball
1-0: Ball
2-0: Called Strike
2-1: Ball
3-1: Foul Ball, location: 3FF
3-2: Base on Balls
Batting: LHB John Brosseau 0-0: Called Strike
0-1: Swinging Strike
0-2: Ball
1-2: Ball
2-2: Fly out, F9 (Flyball, 89M, EV 85.0 MPH)
Batting: LHB Santiago Romero 0-0: Ground out 4-3 (Groundball, 4, EV 91.9 MPH)
Bottom of the 1st over - 0 runs, 0 hits, 0 errors, 1 left on base; Pittsburgh 0 - Milwaukee 0
TOP OF THE 2ND
Pittsburgh Pirates batting - Pitching for Milwaukee Brewers : RHP Bruce Díaz
Batting: RHB Zong-yuan Yue 0-0: Ball
1-0: Called Strike
1-1: Ground out 6-3 (Groundball, 6, EV 85.6 MPH)
Batting: LHB Greg Meyer 0-0: Fly out, F6 (Popup, 6MS, EV 73.8 MPH)
Batting: LHB John Fulton 0-0: Ball
1-0: Ball
2-0: Ball
3-0: Base on Balls
Batting: LHB Lúcio Rivera 0-0: Ball
1-0: SINGLE (Groundball, 34D, EV 103.1 MPH)
John Fulton to second
Runner from 2nd tries for 3rd, SAFE, throw by RF made to third
Batting: RHB António Martínez 0-0: Called Strike
0-1: Foul Ball, location: 9LDF
0-2: Ball
1-2: Foul Ball, location: 2F
1-2: Ground out 1-3 (Groundball, 13S, EV 65.6 MPH)
Top of the 2nd over - 0 runs, 1 hit, 0 errors, 2 left on base; Pittsburgh 0 - Milwaukee 0
BOTTOM OF THE 2ND
Milwaukee Brewers batting - Pitching for Pittsburgh Pirates : RHP Bill Day
Batting: SHB Ray Day 0-0: Swinging Strike
0-1: Called Strike
0-2: Ball
1-2: Ball
2-2: Strikes out swinging
Batting: LHB Stanley Hawkins 0-0: Swinging Strike
0-1: Ball
1-1: Bunt missed!
1-2: Ball
2-2: Strikes out swinging
Batting: RHB Steve Sloan 0-0: Called Strike
0-1: Ball
1-1: Called Strike
1-2: Ball
2-2: Fly out, F9 (Line Drive, 89M, EV 101.9 MPH)
Bottom of the 2nd over - 0 runs, 0 hits, 0 errors, 0 left on base; Pittsburgh 0 - Milwaukee 0
TOP OF THE 3RD
Pittsburgh Pirates batting - Pitching for Milwaukee Brewers : RHP Bruce Díaz
Batting: RHB Jorge Medina 0-0: Ball
1-0: Foul Ball, location: 23F
1-1: Ball
2-1: Foul Ball, location: 2F
2-2: Ball
3-2: Foul Ball, location: 9LDF
3-2: Foul Ball, location: 5F
3-2: Fly out, F7 (Flyball, 7, EV 83.8 MPH)
Batting: RHB John Simpson 0-0: Ball
1-0: Ball
2-0: SINGLE (Line Drive, 4D, EV 97.5 MPH)
Batting: RHB Luis Cervantes 0-0: Swinging Strike
0-1: Swinging Strike
0-2: Ball
1-2: Strikes out swinging
Batting: RHB Spencer Knight 0-0: Fielders Choice at 2nd, 6-4 (Groundball, 6, EV 90.0 MPH)
Top of the 3rd over - 0 runs, 1 hit, 0 errors, 1 left on base; Pittsburgh 0 - Milwaukee 0
BOTTOM OF THE 3RD
Milwaukee Brewers batting - Pitching for Pittsburgh Pirates : RHP Bill Day
Batting: LHB Bill Stevens 0-0: Ball
1-0: Foul Ball, location: 2F
1-1: Foul Ball, location: 3F
1-2: Foul Ball, location: 5DF
1-2: SINGLE (Line Drive, 6D, EV 95.0 MPH)
Batting: RHB Steve White 0-0: Ball
1-0: Bunt missed!
1-1: Bunt - Flyout to 15S! F1
Batting: LHB David MacDonald 0-0: Ball
1-0: Ball
2-0: Called Strike
2-1: Ball
3-1: Ground out 6-3 (Groundball, P, EV 83.1 MPH)
Bill Stevens to second
Batting: SHB Yang Siu 0-0: Ball
1-0: Ball
2-0: Called Strike
2-1: Ball
3-1: Base on Balls
Batting: LHB John Brosseau 0-0: Swinging Strike
0-1: Ball
1-1: 3-RUN HOME RUN (Flyball, 7LD, EV 98.8 MPH), Distance : 353 ft
Batting: LHB Santiago Romero 0-0: Foul Ball, location: 25FF
0-1: Fly out, F8 (Flyball, 89D, EV 85.0 MPH)
Bottom of the 3rd over - 3 runs, 2 hits, 0 errors, 0 left on base; Pittsburgh 0 - Milwaukee 3
TOP OF THE 4TH
Pittsburgh Pirates batting - Pitching for Milwaukee Brewers : RHP Bruce Díaz
Batting: RHB Zong-yuan Yue 0-0: SINGLE (Line Drive, 89S, EV 89.4 MPH)
Batting: LHB Greg Meyer 0-0: Called Strike
Zong-yuan Yue is caught stealing 2nd base 2-6
0-1: Foul Ball, location: 2F
0-2: Ball
1-2: Foul Ball, location: 5FF
1-2: Fly out, F5 (Popup, 56, EV 85.0 MPH)
Batting: LHB John Fulton 0-0: Ball
1-0: Foul Ball, location: 2F
1-1: Swinging Strike
1-2: Strikes out looking
Top of the 4th over - 0 runs, 1 hit, 0 errors, 0 left on base; Pittsburgh 0 - Milwaukee 3
BOTTOM OF THE 4TH
Milwaukee Brewers batting - Pitching for Pittsburgh Pirates : RHP Bill Day
Batting: SHB Ray Day 0-0: Fly out, F8 (Flyball, 8LD, EV 96.3 MPH)
Batting: LHB Stanley Hawkins 0-0: Called Strike
0-1: Foul Ball, location: 25FF
0-2: Ball
1-2: Ball
2-2: Ground out U3 (Groundball, 34S, EV 88.1 MPH)
Batting: RHB Steve Sloan 0-0: SINGLE (Line Drive, 56D, EV 73.8 MPH)
Batting: LHB Bill Stevens 0-0: Ball
1-0: Called Strike
1-1: Ground out 1-3 (Groundball, 13S, EV 88.8 MPH)
Bottom of the 4th over - 0 runs, 1 hit, 0 errors, 1 left on base; Pittsburgh 0 - Milwaukee 3
TOP OF THE 5TH
Pittsburgh Pirates batting - Pitching for Milwaukee Brewers : RHP Bruce Díaz
Batting: LHB Lúcio Rivera 0-0: Called Strike
0-1: Ball
1-1: SINGLE (Groundball, 6D, EV 101.9 MPH)
Batting: RHB António Martínez 0-0: Ground out 5-3 (Groundball, 56S, EV 66.3 MPH)
Lúcio Rivera to second
Batting: RHB Jorge Medina 0-0: Ball
1-0: Ball
2-0: Called Strike
2-1: Foul Ball, location: 3F
2-2: Ball
3-2: Strikes out swinging
Batting: RHB John Simpson 0-0: Called Strike
0-1: Ground out 6-3 (Groundball, 6, EV 90.0 MPH)
Top of the 5th over - 0 runs, 1 hit, 0 errors, 1 left on base; Pittsburgh 0 - Milwaukee 3
BOTTOM OF THE 5TH
Milwaukee Brewers batting - Pitching for Pittsburgh Pirates : RHP Bill Day
Batting: RHB Steve White 0-0: Ball
1-0: Fly out, F8 (Line Drive, 8RM, EV 88.8 MPH)
Batting: LHB David MacDonald 0-0: Called Strike
0-1: Fly out, F9 (Flyball, 9LM, EV 90.0 MPH)
Batting: SHB Yang Siu 0-0: Swinging Strike
0-1: Ball
1-1: Swinging Strike
1-2: Ball
2-2: Ball
3-2: Base on Balls
Batting: LHB John Brosseau 0-0: Fly out, F7 (Flyball, 7, EV 90.0 MPH)
Bottom of the 5th over - 0 runs, 0 hits, 0 errors, 1 left on base; Pittsburgh 0 - Milwaukee 3
TOP OF THE 6TH
Pittsburgh Pirates batting - Pitching for Milwaukee Brewers : RHP Bruce Díaz
Batting: RHB Luis Cervantes 0-0: Called Strike
0-1: Ball
1-1: Foul Ball, location: 2F
1-2: Ball
2-2: Ball
3-2: SINGLE (Line Drive, 3D, EV 95.0 MPH)
Batting: RHB Spencer Knight 0-0: Ball
1-0: Ball
2-0: Ball
3-0: Called Strike
3-1: Base on Balls
Luis Cervantes to second
Batting: RHB Zong-yuan Yue 0-0: Ball
1-0: Fielders Choice at 2nd, 4-6 (Groundball, 4, EV 76.3 MPH)
Luis Cervantes to third
Batting: LHB Greg Meyer 0-0: Ball
1-0: Ball
2-0: Fielders Choice at home, 5-2 (Groundball, 56, EV 86.9 MPH)
Zong-yuan Yue to second
Batting: LHB John Fulton 0-0: Ball
1-0: SINGLE (Flyball, 78M, EV 95.6 MPH)
Zong-yuan Yue to third
Greg Meyer to second
Runner from 3rd tries for Home, SAFE, throw by LF to home
Greg Meyer to third
John Fulton to second
Batting: LHB Lúcio Rivera 0-0: Called Strike
0-1: Ground out U3 (Groundball, 3L, EV 85.0 MPH)
Top of the 6th over - 1 run, 2 hits, 0 errors, 2 left on base; Pittsburgh 1 - Milwaukee 3
BOTTOM OF THE 6TH
Milwaukee Brewers batting - Pitching for Pittsburgh Pirates : RHP Bill Day
Batting: LHB Santiago Romero 0-0: Called Strike
0-1: Ball
1-1: Ball
2-1: Foul Ball, location: 7LDF
2-2: SINGLE (Line Drive, 9S, EV 90.6 MPH)
Batting: SHB Ray Day 0-0: Fielders Choice at 2nd, 4-6 (Groundball, 34, EV 101.9 MPH)
Batting: LHB Stanley Hawkins 0-0: Ball
1-0: Ball
2-0: Called Strike
2-1: Swinging Strike
2-2: Strikes out looking
Batting: RHB Steve Sloan 0-0: Ball
1-0: Ball
2-0: Called Strike
2-1: Called Strike
2-2: Ball
3-2: Foul Ball, location: 9LMF
3-2: Foul Ball, location: 2F
3-2: Foul Ball, location: 5F
3-2: Base on Balls
Ray Day to second
Pitching: LHP Louis Ferneyhough
Batting: LHB Bill Stevens 0-0: Called Strike
0-1: Ball
1-1: Ball
2-1: Foul Ball, location: 2F
2-2: Foul Ball, location: 2F
2-2: Foul Ball, location: 7LMF
2-2: Ball
3-2: Fly out, F8 (Flyball, 89D, EV 105.0 MPH)
Bottom of the 6th over - 0 runs, 1 hit, 0 errors, 2 left on base; Pittsburgh 1 - Milwaukee 3
TOP OF THE 7TH
Pittsburgh Pirates batting - Pitching for Milwaukee Brewers : RHP Bruce Díaz
Batting: RHB António Martínez 0-0: Called Strike
0-1: Ball
1-1: Ball
2-1: Ball
3-1: Foul Ball, location: 9LDF
3-2: Ground out U3 (Groundball, 34, EV 82.5 MPH)
Pitching: RHP Víctor Pantoja
Batting: RHB Jorge Medina 0-0: Ball
1-0: Called Strike
1-1: Foul Ball, location: 2F
1-2: Strikes out swinging
Batting: RHB John Simpson 0-0: Called Strike
0-1: Ball
1-1: Called Strike
1-2: Strikes out looking
Top of the 7th over - 0 runs, 0 hits, 0 errors, 0 left on base; Pittsburgh 1 - Milwaukee 3
BOTTOM OF THE 7TH
Milwaukee Brewers batting - Pitching for Pittsburgh Pirates : LHP Louis Ferneyhough
Batting: RHB Steve White 0-0: Called Strike
0-1: Ball
1-1: Foul Ball, location: 9LDF
1-2: Strikes out swinging
Batting: LHB David MacDonald 0-0: Called Strike
0-1: Called Strike
0-2: Ground out 3-1 (Groundball, 34, EV 103.8 MPH)
Batting: SHB Yang Siu 0-0: Foul Ball, location: 7LSF
0-1: SINGLE (Groundball, 4MD, EV 105.0 MPH)
Batting: LHB John Brosseau 0-0: Foul Ball, location: 23FF
0-1: Ball
1-1: Called Strike
1-2: Foul Ball, location: 25FF
1-2: Ball
2-2: Foul Ball, location: 2RF
2-2: Ground out U3 (Groundball, 3S, EV 82.5 MPH)
Bottom of the 7th over - 0 runs, 1 hit, 0 errors, 1 left on base; Pittsburgh 1 - Milwaukee 3
TOP OF THE 8TH
Pittsburgh Pirates batting - Pitching for Milwaukee Brewers : RHP Víctor Pantoja
Now at 1B: Roberto Rodríguez
Batting: RHB Luis Cervantes 0-0: Called Strike
0-1: Foul Ball, location: 3SF
0-2: Ball
1-2: Strikes out looking
Batting: RHB Spencer Knight 0-0: Ball
1-0: Fly out, F7 (Flyball, 7S, EV 90.6 MPH)
Batting: RHB Zong-yuan Yue 0-0: Foul Ball, location: 2F
0-1: Swinging Strike
0-2: Ball
1-2: Ball
2-2: Foul Ball, location: 7LMF
2-2: Foul Ball, location: 9LMF
2-2: Foul Ball, location: 23F
2-2: Ball
3-2: Fly out, F9 (Flyball, 9S, EV 71.3 MPH)
Top of the 8th over - 0 runs, 0 hits, 0 errors, 0 left on base; Pittsburgh 1 - Milwaukee 3
BOTTOM OF THE 8TH
Milwaukee Brewers batting - Pitching for Pittsburgh Pirates : LHP Louis Ferneyhough
Batting: LHB Santiago Romero 0-0: Ball
1-0: Foul Ball, location: 5SF
1-1: Ball
2-1: SINGLE (Groundball, 6M, EV 101.3 MPH) (infield hit)
Batting: SHB Ray Day 0-0: Grounds into double play, 4-6-3 (Groundball, 4, EV 81.3 MPH)
Batting: LHB Stanley Hawkins 0-0: Called Strike
0-1: Ball
1-1: Fly out, F5 (Flyball, 56D, EV 90.0 MPH)
Bottom of the 8th over - 0 runs, 1 hit, 0 errors, 0 left on base; Pittsburgh 1 - Milwaukee 3
TOP OF THE 9TH
Pittsburgh Pirates batting - Pitching for Milwaukee Brewers : RHP Víctor Pantoja
Pitching: RHP Frank Medrano
Now in RF: Bradley Irwin
Batting: LHB Greg Meyer 0-0: Ball
1-0: Foul Ball, location: 25F
1-1: Called Strike
1-2: Fly out, F8 (Flyball, 8LM, EV 80.6 MPH)
Batting: LHB John Fulton 0-0: Ball
1-0: Called Strike
1-1: Ball
2-1: Foul Ball, location: 7LMF
2-2: Foul Ball, location: 2RF
2-2: Foul Ball, location: 3F
2-2: Ball
3-2: Foul Ball, location: 7LSF
3-2: SOLO HOME RUN (Flyball, 89XD, EV 99.4 MPH), Distance : 400 ft
Batting: LHB Lúcio Rivera 0-0: Called Strike
0-1: Called Strike
0-2: Strikes out looking
Batting: RHB António Martínez 0-0: Ball
1-0: Ball
2-0: Ball
3-0: Base on Balls
Pinch Hitting: SHB Jerry Gates 0-0: Ball
1-0: Called Strike
1-1: Called Strike
1-2: Strikes out looking
Top of the 9th over - 1 run, 1 hit, 0 errors, 1 left on base; Pittsburgh 2 - Milwaukee 3
Thursday, May 2nd , 2024 - OOTP Baseball 24.10 Build 82